[Event "GCT Superbet Blitz Poland 2025"]
[Site "Warsaw"]
[Date "2025.04.29"]
[Round "6"]
[White "Aronian, Levon"]
[Black "Firouzja, Alireza"]
[Result "1-0"]
[ECO "D35"]
[WhiteElo "2747"]
[BlackElo "2757"]
[Annotator "TA"]
[PlyCount "85"]
[EventDate "2025.??.??"]
[EventType "blitz"]
[TimeControl "300+2"]

1. c4 {[%emt 0:00:01] Chessbase - Stockfish 17} e6 2. Nc3 d5 3. d4 Nf6 4. cxd5 exd5 5. Bg5 c6 6. e3 h6 7. Bh4 Be7 8. Bd3 O-O 9. Nge2 {[%emt 0:00:03] 9.Bg3 is the modern continuation. D35: Queen's Gambit Declined: Exchange Variation.} Ne8 10. Bg3 Nd6 11. O-O {[%emt 0:00:12] White is slightly better.} Re8 12. Qc2 a5 ({RR} 12... Bf8 13. Rae1 a5 14. Nf4 Na6 15. a3 Qf6 16. f3 b5 17. Bf2 Nc4 18. g3 Qd8 19. e4 b4 20. exd5 Rxe1 21. Rxe1 Nd6 22. Na4 cxd5 23. Nxd5 Rb8 24. Nc5 Nb5 25. Bxb5 Rxb5 26. Qc4 Rb8 27. a4 {Maghsoodloo,P (2721)-Carlsen,M (2856) Mayrhofen 2022 ½-½ (39)}) ({RR} 12... Bf8 13. Rae1 a5 14. Nf4 Na6 15. a3 Qf6 16. f3 b5 17. Bf2 Nc4 18. g3 Qd8 19. e4 b4 20. exd5 Rxe1 21. Rxe1 Nd6 22. Na4 cxd5 23. Nxd5 Rb8 24. Nc5 Nb5 25. Bxb5 Rxb5 26. Qc4 Rb8 27. a4) 13. Rae1 ({RR} 13. Rad1 Bf8 14. h3 Nd7 15. Kh1 ({RR} 15. Rfe1 Nf6 16. Bh4 g6 17. Bg3 Bf5 18. Nf4 Bxd3 19. Nxd3 Nfe4 20. Bf4 Nxc3 21. Qxc3 a4 22. Qc2 Nc4 23. Re2 Qh4 24. Rde1 Bd6 25. Bxd6 Nxd6 26. Nc5 a3 27. b3 Re7 28. Qc1 Kg7 29. Rc2 Rae8) 15... Nf6 16. Be5 Nd7 17. Bf4 Nf6 18. Ng3 b5 19. Nb1 Qb6 20. Nd2 Ba6 21. Rc1 Rac8 22. Nf5 Nde4 23. Bxe4 dxe4 24. Bd6 b4 25. Bxf8 Kxf8 26. Rfd1 Bd3 27. Qc5+ Qxc5 {Svane,F (2664)-Oro,F (2447) Wijk aan Zee 2025 [Chessbase - Stockfish 17] 1-0 (55)}) 13... Na6 14. a3 {[%emt 0:00:01] Dodges Nb4} Bh4 $146 (14... Bf8 15. Nc1 Nc7 16. f3 Ne6 17. Nb3 b5 18. Kh1 a4 19. Nc5 Nc4 20. Bxc4 dxc4 21. Nxe6 Bxe6 {0-1 Ioannidis,E (2502)-Khismatullin,D (2579) Titled Tuesday intern op 17th Oct Early blitz 2023 (7)}) ({RR} 14... Bf8 15. Nc1 Nc7 16. f3 Ne6 17. Nb3 b5 18. Kh1 a4 19. Nc5 Nc4 20. Bxc4 dxc4 21. Nxe6 Bxe6 22. Rd1 Qa5 23. e4 b4 24. axb4 Qxb4 25. d5 cxd5 26. Nxd5 Bxd5 27. Rxd5 Qb3 28. Rc1 Rec8 29. Rd4 {Ioannidis,E (2502)-Khismatullin,D (2579) chess.com INT 2023 0-1 (72)}) ({RR} 14... Bf8 15. Nc1 Nc7 16. f3 Ne6 17. Nb3 b5 18. Kh1 a4 19. Nc5 Nc4 20. Bxc4 dxc4 21. Nxe6 Bxe6 22. Rd1 Qa5 23. e4 b4 24. axb4 Qxb4 25. d5 cxd5 26. Nxd5 Bxd5 27. Rxd5 Qb3 28. Rc1 Rec8 29. Rd4 {Ioannidis,E (2502)-Khismatullin,D (2579) chess.com INT 2023 0-1 (72)}) ({RR} 14... Bf8 15. Be5 b5 16. Ng3 Nc4 17. Bxc4 dxc4 18. Nge2 Ra7 19. e4 Rd7 20. Bg3 Nc7 21. Rd1 Ba6 22. Rfe1 b4 23. axb4 axb4 24. Na4 Ne6 25. d5 cxd5 26. exd5 Rxd5 27. Rxd5 Qxd5 28. Rd1 Qc6 29. b3 {Dubnevych,M (2293)-Bacrot,E (2684) chess.com INT 2024 0-1 (32)}) 15. Bxh4 Qxh4 16. Ng3 Nc7 17. Na4 Be6 18. f4 Bd7 19. Nb6 $36 {[%emt 0:00:11][%mdl 2048] Black is under pressure.} Rad8 20. Qc5 Qf6 (20... Bg4 $14) 21. f5 $16 {[%emt 0:00:30][%cal Og3h5] [#] White has more active pieces.} (21. Qxa5 Bf5 22. Qd2 Bxd3 23. Qxd3 Kh8 $14) 21... Bc8 ({Better is} 21... Ndb5 22. a4 Na6 23. Nxd7 Rxd7) 22. Qxa5 Qg5 23. Qd2 h5 24. Qf2 h4 25. Nh1 Ne4 (25... Ncb5 $142) 26. Qf4 Qxf4 27. Rxf4 h3 28. gxh3 Nd6 (28... Nf6 $16 29. Nf2 Nb5) 29. Ng3 f6 (29... Kf8 $142 30. h4 Ke7) 30. h4 Re7 31. Kf2 Bd7 32. Nxd7 Rexd7 33. h5 Kh7 {[%emt 0:00:01] [#]} (33... Nf7 $142 34. a4 Re7) 34. h6 $1 $18 gxh6 (34... Rh8 35. hxg7) 35. Nh5 Rf8 36. Rg1 Nce8 37. Rg6 Re7 (37... Kh8 {was called for.} 38. Rxh6+ Rh7 39. Rxh7+ Kxh7) 38. Rh4 {[%emt 0:00:07][%cal Oh5f6] White wants to mate with Nxf6+!. White is clearly winning.} Nf7 39. Nxf6+ Nxf6 40. Rxf6 Rc7 41. Rg6 Kh8 42. f6 {[%emt 0:00:03] Rg7 would now be deadly.} c5 43. Rg7 {[%emt 0:00:05] Weighted Error Value: White=0.11 (very precise) /Black=0.36 Mistake: 	--- 	Black=7 Inaccurate: 	White=2 	Black=3 OK: 	White=15 	Black=7 Best: 	White=1 	Black=1} 1-0

[Event "GCT Superbet Blitz Poland 2025"]
[Site "Warsaw"]
[Date "2025.04.29"]
[Round "6"]
[White "Deac, Bogdan-Daniel"]
[Black "Vachier-Lagrave, Maxime"]
[Result "0-1"]
[ECO "D06"]
[WhiteElo "2668"]
[BlackElo "2722"]
[Annotator "RC"]
[PlyCount "94"]
[EventDate "2025.??.??"]
[EventType "blitz"]
[TimeControl "300+2"]

1. Nf3 d5 2. d4 Nf6 3. c4 c5 4. cxd5 cxd4 5. Qxd4 Qxd5 6. Nc3 Qxd4 7. Nxd4 a6 8. g3 e5 9. Nb3 Nc6 10. Bg2 a5 11. Na4 ({RR} 11. Nb5 Bb4+ 12. Bd2 Ke7 13. a3 Bxd2+ 14. Nxd2 a4 15. Nc4 Be6 16. Rc1 Ra6 17. O-O Rd8 18. Ne3 Ra5 19. Bxc6 bxc6 20. Nc3 Bb3 21. Nb1 Ra6 22. f4 e4 23. Kf2 Rb6 24. Nc3 g6 25. Rb1 Nd5 {Praggnanandhaa,R (2747)-Nakamura,H (2789) Toronto CAN 2024 0-1 (54)}) ({RR} 11. Bg5 a4 12. Bxf6 gxf6 13. Nd5 Bb4+ 14. Nd2 O-O 15. Nxb4 Nxb4 16. O-O a3 17. bxa3 Rxa3 {½-½ (17) Schneider,I (2449)-Galperin,P (2497) Germany GER 2025}) 11... Bb4+ 12. Bd2 Ke7 $146 ({RR} 12... Bxd2+ 13. Nxd2 Ke7 14. Nb3 Rd8 15. Nbc5 Rb8 16. Rc1 Nb4 17. a3 Na2 18. Rc2 b5 19. Nc3 Nxc3 20. Rxc3 b4 21. axb4 Rxb4 22. b3 Be6 23. O-O Rc8 24. Rfc1 Nd5 25. R3c2 Nb6 26. Nxe6 Rxc2 27. Rxc2 {Sadhwani,R (2677)-Dronavalli,H (2493) Chennai IND 2024 ½-½ (42)}) ({RR} 12... Be6 13. Rc1 Bxb3 14. Bxc6+ bxc6 15. axb3 Bxd2+ 16. Kxd2 O-O-O+ 17. Ke3 Kc7 18. Rc5 Rb8 19. f3 Rxb3+ 20. Kf2 Rb5 21. Rhc1 Rxc5 22. Rxc5 Nd7 23. Rxa5 Rb8 24. Ra7+ Rb7 25. Ra5 Rb5 26. Ra7+ Rb7 27. Ra5 {Aronyak,G (2528)-Erdogmus,Y (2553) Dubai UAE 2024 ½-½}) ({RR} 12... Be6 13. Rc1 Bxb3 14. Bxc6+ bxc6 15. axb3 Bxd2+ 16. Kxd2 O-O-O+ 17. Ke3 Kc7 18. Rc5 Rb8 19. f3 Rxb3+ 20. Kf2 Rb5 21. Rhc1 Rxc5 22. Rxc5 Nd7 23. Rxa5 Rb8 24. Ra7+ Rb7 25. Ra5 Rb5 26. Ra7+ Rb7 27. Ra5 {Aronyak,G (2528)-Erdogmus,Y (2553) Dubai UAE 2024 ½-½}) 13. Rc1 Rd8 14. Bc3 Be6 15. O-O Bd5 16. Rfd1 Bxg2 17. Kxg2 Rxd1 18. Rxd1 b5 19. Nb6 Rb8 20. Nd5+ Nxd5 21. Rxd5 Bxc3 22. bxc3 a4 23. Nc5 Rd8 24. Rxd8 Nxd8 25. c4 Kd6 26. Ne4+ Kc6 27. Nc3 bxc4 28. a3 Nb7 29. Kf3 Nc5 30. e4 Nb3 31. Ke3 Nd4 32. Nxa4 Nc2+ 33. Kd2 Nxa3 34. Kc3 Kb5 35. Nb2 h5 36. h3 g5 37. g4 h4 38. f3 f6 39. Nd1 Kc5 40. Ne3 Nb5+ 41. Kd2 Nd4 42. Nd5 Nxf3+ 43. Kc3 Ng1 44. Nxf6 Nxh3 45. Nd7+ Kd6 46. Nb6 Nf2 47. Nxc4+ Ke6 0-1

[Event "GCT Superbet Blitz Poland 2025"]
[Site "Warsaw"]
[Date "2025.04.29"]
[Round "6"]
[White "Gavrilescu, David"]
[Black "Fedoseev, Vladimir"]
[Result "0-1"]
[ECO "B11"]
[WhiteElo "2554"]
[BlackElo "2739"]
[Annotator "RC"]
[PlyCount "78"]
[EventDate "2025.??.??"]
[EventType "blitz"]
[TimeControl "300+2"]

1. e4 c6 2. Nf3 d5 3. Nc3 a6 4. d4 Bg4 5. h3 Bh5 6. g4 Bg6 7. Ne5 Bxe4 ({RR} 7... e6 8. Nxg6 hxg6 9. Bg2 Nf6 10. e5 Nfd7 11. Ne2 c5 12. c4 dxc4 13. Bxb7 Ra7 14. Bg2 cxd4 15. Qxd4 Qa5+ 16. Bd2 Bb4 17. O-O Rc7 18. Bxb4 Qxb4 19. Rac1 Qc5 20. f4 g5 21. f5 Nxe5 22. fxe6 {Bologan,V (2678)-Berkes,F (2693) Paks 2011 0-1 (54)}) 8. Nxe4 dxe4 9. c3 e6 10. Bg2 $146 ({RR} 10. Qb3 Qc8 11. Bg2 Nf6 12. g5 Nfd7 13. Nc4 b5 14. Ne3 Nb6 15. Bxe4 Ra7 16. Bd2 g6 17. O-O-O N8d7 18. h4 c5 19. Kb1 Bg7 20. h5 cxd4 21. cxd4 Bxd4 22. Bb4 Nc5 23. Qc2 Bxe3 24. fxe3 Nxe4 {Mastrovasilis,D (2593)-Navara,D (2745) Achaia 2016 1-0 (33)}) 10... Bd6 11. Nc4 f5 12. Qb3 b5 13. Ne5 Qe7 14. Bg5 Nf6 15. a4 b4 16. O-O Nbd7 17. Nxc6 Qf7 18. gxf5 exf5 19. Qxf7+ Kxf7 20. cxb4 Nd5 21. Bd2 Nb8 22. Rfc1 Nxc6 23. Rxc6 Bxb4 24. Bxb4 Nxb4 25. Rc7+ Kf6 26. Rac1 Rhd8 27. R1c4 Rab8 28. f3 e3 29. f4 e2 30. Kf2 Re8 31. R4c6+ Nxc6 32. Rxc6+ Re6 33. d5 Rxc6 34. dxc6 Rxb2 35. Bd5 Rc2 36. h4 a5 37. h5 g5 38. hxg6 hxg6 39. Bf3 Ke7 0-1

[Event "GCT Superbet Blitz Poland 2025"]
[Site "Warsaw"]
[Date "2025.04.29"]
[Round "7"]
[White "Firouzja, Alireza"]
[Black "Aravindh, Chithambaram VR."]
[Result "1-0"]
[ECO "C55"]
[WhiteElo "2757"]
[BlackElo "2749"]
[Annotator "TA"]
[PlyCount "57"]
[EventDate "2025.??.??"]
[EventType "blitz"]
[TimeControl "300+2"]

1. e4 e5 2. Nf3 Nc6 3. Bc4 Nf6 4. d3 d5 5. exd5 Nxd5 6. O-O Bg4 7. Re1 Bb4 8. c3 Be7 9. h3 Bh5 10. Nbd2 ({RR} 10. g4 Bg6 11. Nxe5 Nxe5 12. Rxe5 Nb6 13. Qe1 f6 14. Re3 Nxc4 15. dxc4 h5 16. b3 Kf7 17. Ba3 c5 18. Nd2 hxg4 19. hxg4 Bd6 20. Nf1 Rh4 21. Qd1 Qd7 22. Qd5+ Kf8 23. Bxc5 Rxg4+ 24. Ng3 Rd8 {Stanica,A (1857)-Ostrovsky Berman,N (2116) Eforie Nord ROU 2025 1-0}) 10... O-O 11. a4 $146 {[%emt 0:00:23] C55: Two Knights: 4 d3, 4 d4 exd4 5 e5 and Max Lange Attack.} ({RR} 11. Nf1 f6 12. Ne3 Bf7 13. Nxd5 Bxd5 14. Qb3 Bxc4 15. Qxc4+ Kh8 16. Be3 Qd7 17. Rad1 Bd6 18. b4 Ne7 19. Nd2 f5 20. Nf3 Ng6 21. Re2 Rae8 22. Qd5 e4 23. dxe4 fxe4 24. Ng5 Re5 25. Qxb7 Qe7 {Adewumi,T (2349)-Nyzhnyk,I (2564) Saint Louis USA 2024 0-1 (68)}) ({RR} 11. Nf1 f6 12. Ne3 Bf7 13. Nxd5 Bxd5 14. Qb3 Bxc4 15. Qxc4+ Kh8 16. Be3 Qd7 17. Rad1 Bd6 18. b4 Ne7 19. Nd2 f5 20. Nf3 Ng6 21. Re2 Rae8 22. Qd5 e4 23. dxe4 fxe4 24. Ng5 Re5 25. Qxb7 Qe7 {Adewumi,T (2349)-Nyzhnyk,I (2564) Saint Louis USA 2024 0-1 (68)}) 11... Kh8 12. a5 a6 13. Ne4 {[%emt 0:00:19] White is slightly better.} b5 14. axb6 Nxb6 15. Bb3 {[%emt 0:00:56] White is more active.} (15. Bxa6 Bxf3 16. Qxf3 Nb8 $19) 15... f6 $146 (15... Bg6) 16. Ng3 Bg6 17. Nh4 {[%emt 0:00:25] [#]} Bxd3 ({Black should try} 17... Bf7) 18. Qf3 e4 19. Nxe4 {[%emt 0:00:33][%cal Bg3e4,Be4g5,Bg5e6,Be6f4,Bf4g6,Bg6e7][%mdl 32] White has strong rooks and is better} Ne5 (19... f5 $16 20. Nd2 (20. Nxf5 Ne5 $16) 20... Bxh4) 20. Qg3 $40 {[%emt 0:00:16][%mdl 128] Hoping for Nf5. White wants a kill.} f5 $2 {[%emt 0:00:39] A mistake that costs the game.} (20... Qd7 $16 {is more resistant.} 21. Bf4 c5) 21. Ng5 f4 22. Bxf4 Rxf4 23. Ne6 {[%emt 0:00:01][%csl Ge6][%cal Rg3g7] [#]} Qg8 24. Nxf4 Qxb3 25. Rxe5 Bxh4 26. Qxh4 Qxb2 27. Rae1 {[%emt 0:00:02] White mates.} ({Weaker is} 27. Nxd3 Qxa1+ 28. Kh2 Qxc3 $11) 27... Bb5 28. Ng6+ Kg8 29. Ne7+ {[%emt 0:00:01] Weighted Error Value: White=0.03 (flawless) /Black=0.97 Loses game: 	--- 	Black=1 Mistake: 	--- 	Black=2 Inaccurate: 	White=1 	Black=2 OK: 	White=7 	Black=4 Best: 	White=2 	---} 1-0

[Event "GCT Superbet Blitz Poland 2025"]
[Site "Warsaw"]
[Date "2025.04.29"]
[Round "7"]
[White "Fedoseev, Vladimir"]
[Black "Deac, Bogdan-Daniel"]
[Result "1-0"]
[ECO "E06"]
[WhiteElo "2739"]
[BlackElo "2668"]
[Annotator "RC"]
[PlyCount "127"]
[EventDate "2025.??.??"]
[EventType "blitz"]
[TimeControl "300+2"]

1. d4 Nf6 2. c4 e6 3. Nf3 d5 4. g3 Be7 5. Bg2 O-O 6. Nbd2 b6 7. O-O Bb7 8. cxd5 ({RR} 8. Qc2 Nbd7 9. Rd1 c5 10. b3 Rc8 11. Bb2 cxd4 12. Nxd4 Qc7 13. Rac1 dxc4 14. Qxc4 Qxc4 15. Nxc4 Bxg2 16. Kxg2 a6 17. f3 Nd5 18. Kf2 Bc5 19. e4 Nb4 20. a3 Nc6 21. Kg2 Nxd4 22. Bxd4 Bxd4 {Sevian,S (2694)-Piliposyan,R (2416) chess.com INT 2025 1-0 (48)}) 8... Nxd5 ({RR} 8... exd5 9. b3 c5 10. Bb2 Nc6 11. Rc1 Ne4 12. dxc5 Bxc5 13. Ne1 Bd4 14. Bxd4 Nxd4 15. Nxe4 dxe4 16. Nc2 Ne6 17. Qxd8 Rfxd8 18. Rfd1 Rac8 19. Rxd8+ Rxd8 20. Ne3 g6 21. Kf1 f5 22. f3 exf3 23. Bxf3 {Eljanov,P (2703)-Radjabov,T (2751) Batumi 2018 ½-½}) 9. Ne5 $146 ({RR} 9. e4 Nf6 10. Qc2 Nbd7 11. Ng5 h6 12. e5 Bxg2 13. exf6 Nxf6 14. Nxe6 fxe6 15. Kxg2 Qxd4 16. Qxc7 Bc5 17. Nb3 Qe4+ 18. Kg1 Ng4 19. Nxc5 bxc5 20. Qxc5 Ne5 21. f4 Nf3+ 22. Kf2 Nxh2 23. Qe3 Ng4+ {Gusev,M (2260)-Elier,A (2160) chess.com INT 2024 0-1}) ({RR} 9. Re1 c5 10. e4 Nf6 11. dxc5 Bxc5 12. e5 Ng4 13. Rf1 Nc6 14. Ne4 Nd4 15. Nxd4 Bxe4 16. Bxe4 Nxf2 17. Rxf2 Bxd4 18. Bxa8 Bxf2+ 19. Kxf2 Qxd1 {0-1 (19) Donda,J (1706)-Mena,M (2032) chess.com INT 2024}) ({RR} 9. a3 Nd7 10. e4 N5f6 11. Re1 c5 12. e5 Nd5 13. Ne4 h6 14. dxc5 Nxc5 15. Nxc5 Bxc5 16. b4 Be7 17. Bb2 a5 18. b5 Rc8 19. Rc1 Rxc1 20. Qxc1 Qd7 21. Nd4 Bc5 22. Qc4 Rc8 23. Qd3 Bxd4 {Serov,M (2275)-Shalimov,V (2393) St Petersburg 2007 1-0 (85)}) 9... Nd7 10. Ndc4 c5 11. Nxd7 Qxd7 12. dxc5 Bxc5 13. e4 Nf6 14. Qxd7 Nxd7 15. Bf4 Ba6 16. Rfd1 Bxc4 17. Rxd7 Bb5 18. Rc7 Rfc8 19. Rd1 Rxc7 20. Bxc7 Rc8 21. Be5 f6 22. Bc3 Kf7 23. Bf1 Bxf1 24. Kxf1 Ke7 25. e5 f5 26. Bd2 Ke8 27. Rc1 Rd8 28. Ke2 Rd5 29. f4 Kd7 30. b4 Be7 31. Bc3 Kd8 32. a4 a6 33. h4 h5 34. Bd2 Kd7 35. Bc3 Bf8 36. Ke3 Be7 37. Bd4 Bxb4 38. Rb1 a5 39. Bxb6 Bd2+ 40. Ke2 Bb4 41. Rc1 Rd2+ 42. Ke3 Ra2 43. Rc7+ Ke8 44. Rxg7 Rxa4 45. Kd3 Ra3+ 46. Kc4 Ra1 47. Rh7 Ra3 48. Rg7 Ra1 49. Rh7 Ra3 50. Rxh5 Rxg3 51. Rh8+ Kf7 52. Rh7+ Rg7 53. Rh6 Rg4 54. Be3 Bf8 55. Rf6+ Kg8 56. Rxe6 Rxh4 57. Rg6+ Kh7 58. Rf6 Bg7 59. Rxf5 Kg6 60. Rg5+ Kf7 61. e6+ Kf6 62. e7 Rh8 63. Bd4+ Kxe7 64. Rxg7+ 1-0

[Event "GCT Superbet Blitz Poland 2025"]
[Site "Warsaw"]
[Date "2025.04.29"]
[Round "7"]
[White "Vachier-Lagrave, Maxime"]
[Black "Aronian, Levon"]
[Result "1-0"]
[ECO "C00"]
[WhiteElo "2722"]
[BlackElo "2747"]
[Annotator "RC"]
[PlyCount "75"]
[EventDate "2025.??.??"]
[EventType "blitz"]
[TimeControl "300+2"]

1. e4 e6 2. c4 d5 3. cxd5 exd5 4. exd5 Nf6 5. Bb5+ Nbd7 6. Nc3 Be7 7. d4 O-O 8. Nf3 Nb6 9. h3 Nbxd5 10. O-O Be6 $146 ({RR} 10... Bf5 11. Re1 c6 12. Bc4 Bb4 13. Bd2 Bxc3 14. bxc3 Ne4 15. Rc1 Re8 16. Bb3 Qc7 17. Ne5 Rad8 18. c4 Nxd2 19. cxd5 Nxb3 20. Qxb3 Bg6 21. Re3 Rb8 22. dxc6 bxc6 23. Nxc6 Kh8 24. d5 h6 25. Qa3 {Vachier Lagrave,M (2718)-Vidit,S (2720) Zagreb CRO 2024 1-0 (46)}) ({RR} 10... Bf5 11. Bg5 c6 12. Bc4 Nb6 13. Bb3 Nfd5 14. Bxe7 Nxe7 15. Re1 Ned5 16. Ne5 f6 17. Nd3 Bxd3 18. Qxd3 Qd7 19. Ne4 Rae8 20. Nc5 Qf7 21. h4 Rxe1+ 22. Rxe1 Re8 23. Rxe8+ Qxe8 24. Nxb7 Qe1+ 25. Qf1 {Flis,P (1979)-Pettersson,A (1841) Warsaw POL 2024 1-0 (36)}) ({RR} 10... Bf5 11. Re1 c6 12. Bd3 Bxd3 13. Qxd3 h6 14. Ne5 Qd6 15. Qf3 Rad8 16. a3 Rfe8 17. Bd2 Bf8 18. Rad1 Qc7 19. Ng4 Nxg4 20. hxg4 Rxe1+ 21. Rxe1 Nb6 22. Ne2 Be7 23. Qe4 Bf6 24. Qf5 Nc4 25. Bc3 {Frank,A (1857)-Domalchuk-Jonasson,A (2318) Reykjavik ISL 2023 ½-½ (72)}) 11. Re1 c5 12. Bg5 a6 13. Bf1 Rc8 14. Rc1 h6 15. Bh4 Nxc3 16. bxc3 Re8 17. a4 Bd5 18. dxc5 Rxc5 19. Nd4 Ne4 20. Bxe7 Rxe7 21. c4 Rec7 22. Nb3 Qf6 23. f3 Qb6 24. fxe4 Rxc4+ 25. Kh1 Rxc1 26. Nxc1 Be6 27. Qd8+ Kh7 28. Nd3 Qa5 29. Rc1 Rc5 30. Qxa5 Rxa5 31. Nc5 Ba2 32. Nxb7 Rxa4 33. Nc5 Rd4 34. Bxa6 f6 35. Kg1 Bf7 36. Bd3 Kg8 37. Kf2 Rb4 38. Rb1 1-0

[Event "GCT Superbet Blitz Poland 2025"]
[Site "Warsaw"]
[Date "2025.04.29"]
[Round "7"]
[White "Topalov, Veselin"]
[Black "Praggnanandhaa R"]
[Result "0-1"]
[ECO "A05"]
[WhiteElo "2717"]
[BlackElo "2758"]
[Annotator "TA"]
[PlyCount "72"]
[EventDate "2025.??.??"]
[EventType "blitz"]
[TimeControl "300+2"]

1. Nf3 Nf6 2. e3 g6 3. b4 Bg7 4. Bb2 O-O 5. Be2 d6 6. O-O {[%emt 0:00:07] A05: Réti Opening: 1 Nf3 Nf6.} e5 7. d3 ({RR} 7. d4 exd4 8. Qxd4 Nh5 9. Qd2 Bxb2 10. Nc3 Bxa1 11. Rxa1 Nf6 12. h3 Nc6 13. b5 Ne5 14. Nd4 c5 15. bxc6 Nxc6 16. Ndb5 d5 17. Bf3 a6 18. Nd4 Nxd4 19. Qxd4 Be6 20. Rd1 Rc8 21. Ne2 Rc4 {Scheglov,G (2318)-Levitan,C (2327) chess.com INT 2025 0-1 (35)}) 7... a5 ({RR} 7... b6 8. c4 Bb7 9. Nc3 Nbd7 10. Nd2 c6 11. Bf3 d5 12. Qb3 dxc4 13. Nxc4 Qb8 14. a4 Rd8 15. Ne4 Nxe4 16. Bxe4 Kh8 17. f4 f5 18. fxe5 Nxe5 19. Nxe5 Bxe5 20. Bxf5 c5 21. Be6 Qd6 22. bxc5 {Aleksandrov,A (2571)-Socko,B (2625) Abu Dhabi 2019 1-0 (41)}) 8. b5 {[%emt 0:00:01] The position is equal.} Nfd7 $146 (8... a4 9. c4 Nbd7 10. a3 Nc5 11. Nbd2 Re8 12. e4 Nh5 13. g3 Bh3 14. Re1 h6 {0-1 Spata,G (2290)-Siva,M (2349) Titled Tuesday intern op 22nd June blitz 2021 (11)}) ({RR} 8... a4 9. c4 Nbd7 10. a3 Nc5 11. Nbd2 Re8 12. e4 Nh5 13. g3 Bh3 14. Re1 h6 15. Bc3 Qd7 16. Bb4 b6 17. Nh4 Nf6 18. Ng2 Ne6 19. Bc3 Nh7 20. Nh4 h5 21. Nf1 Bf6 22. Ng2 Bg5 23. Nfe3 {Spata,G (2290)-Siva,M (2349) Chess.com INT 2021 0-1 (32)}) ({RR} 8... a4 9. c4 Nbd7 10. a3 Nc5 11. Nbd2 Re8 12. e4 Nh5 13. g3 Bh3 14. Re1 h6 15. Bc3 Qd7 16. Bb4 b6 17. Nh4 Nf6 18. Ng2 Ne6 19. Bc3 Nh7 20. Nh4 h5 21. Nf1 Bf6 22. Ng2 Bg5 23. Nfe3 {Spata,G (2290)-Siva,M (2349) Chess.com INT 2021 0-1 (32)}) ({RR} 8... Re8 9. a4 Nbd7 10. Nbd2 d5 11. d4 exd4 12. Bxd4 Qe7 13. c4 Nc5 14. Rc1 b6 15. cxd5 Nxd5 16. Bc4 Bb7 17. Bxd5 Bxd5 18. Bxc5 bxc5 19. Qc2 Bf8 20. Rfd1 c6 21. b6 Reb8 22. e4 Be6 23. Nb3 {Heyken,E (2415)-Ristic,N (2415) Germany 1990 0-1 (58)}) 9. d4 exd4 10. Bxd4 Bxd4 11. Nxd4 Nc5 12. c4 Nbd7 13. Nc3 Re8 14. Rc1 Nf6 15. Bf3 a4 16. Rb1 Be6 17. Rb4 a3 18. h3 Nfd7 19. Qc2 Qh4 20. Nd5 Rac8 21. Nf4 Ne5 22. Be2 Bd7 23. Rd1 (23. Nf3 {simplifies} Qd8 24. Qc1 Nxf3+ 25. Bxf3 Ra8 26. Nd5) 23... c6 24. bxc6 bxc6 25. Qb1 g5 26. g3 ({White has to play} 26. Nh5 $14 g4 27. Ng3 gxh3 28. Ndf5 Bxf5 29. Qxf5) 26... Qh6 $15 27. Nh5 g4 $2 (27... Bxh3 $15 28. Nf5 Bxf5 29. Qxf5 Ned7) 28. hxg4 $16 Nxg4 {[%emt 0:00:02] [#]} 29. Bxg4 (29. Nf5 $1 $18 {[%cal Rf5h6] was the only winning move.} Qxh5 30. Bxg4 (30. Nxd6 $2 {leads to mate.} Qh2+ 31. Kf1 Qxf2#)) 29... Bxg4 $19 30. Nf4 {[%emt 0:00:00] [#]} Ne4 $1 {[%emt 0:00:13][%cal Oc6c5] and ...c5! should not be overlooked} 31. Rb6 (31. f3 $142 Nc3 (31... Nxg3 $2 32. Kg2 $19) 32. fxg4 Nxb1 33. Nf5) 31... Nc3 {[%emt 0:00:06] Black is clearly winning.} 32. Qc2 Nxd1 33. Nf5 Qf6 34. Nd4 {[%emt 0:00:03] [#]} Nxe3 $1 35. fxe3 (35. Qc3 Nf5) 35... Rxe3 36. Qf2 Qxd4 {[%emt 0:00:02] Weighted Error Value: White=0.90/Black=0.19 (very precise) Missed win: 	White=1 	--- Mistake: 	White=2 	Black=1 Inaccurate: 	White=2 	Black=2 OK: 	White=10 	Black=6 Best: 	White=1 	Black=2 Strong: 	--- 	Black=1} 0-1

[Event "GCT Superbet Blitz Poland 2025"]
[Site "Warsaw"]
[Date "2025.04.29"]
[Round "8"]
[White "Firouzja, Alireza"]
[Black "Vachier-Lagrave, Maxime"]
[Result "0-1"]
[ECO "B90"]
[WhiteElo "2757"]
[BlackElo "2722"]
[Annotator "ChessBase"]
[PlyCount "90"]
[EventDate "2025.??.??"]
[EventType "blitz"]
[TimeControl "300+2"]

1. e4 c5 2. Nf3 d6 3. d4 cxd4 4. Nxd4 Nf6 5. Nc3 a6 6. f3 e5 7. Nb3 Be6 8. Be3 Nbd7 9. g4 h6 10. Qd2 b5 11. O-O-O Nb6 12. Qf2 Rb8 13. Nc5 b4 14. Nxe6 fxe6 15. Nb1 d5 16. exd5 Nbxd5 17. Bd3 $146 ({RR} 17. Nd2 Qc7 18. Bd3 Be7 19. Bg6+ Kf8 20. Kb1 Nxe3 21. Qxe3 Nd5 22. Qe4 Bf6 23. Qc4 Qxc4 24. Nxc4 Ke7 25. Rhe1 Rb5 26. Be4 Rd8 27. Rd3 Rc5 28. Nd2 Rcc8 29. a3 a5 30. axb4 axb4 31. Nb3 Nf4 {Dominguez Perez,L (2756)-Shankland,S (2709) Saint Louis 2022 1-0 (59)}) ({RR} 17. Nd2 Qc7 18. Bd3 Be7 19. Bg6+ Kf8 20. Kb1 Nxe3 21. Qxe3 Nd5 22. Qe4 Bf6 23. Qc4 Qxc4 24. Nxc4 Ke7 25. Rhe1 Rb5 26. Be4 Rd8 27. Rd3 Rc5 28. Nd2 Rcc8 29. a3 a5 30. axb4 axb4 31. Nb3 Nf4 {Dominguez Perez,L (2756)-Shankland,S (2709) Saint Louis 2022 1-0 (59)}) 17... Bd6 18. Bg6+ Ke7 19. Nd2 Qa5 20. Kb1 Rhc8 21. Nb3 Qc7 22. g5 hxg5 23. Bxg5 a5 24. Rxd5 exd5 25. Re1 a4 26. Nd4 b3 27. cxb3 axb3 28. a3 Bc5 29. Bf4 Bd6 30. Nf5+ Kf8 31. Nxd6 exf4 32. Nxc8 Rxc8 33. Qd4 Kg8 34. Qb4 Rb8 35. Qe7 Qxe7 36. Rxe7 Kf8 37. Rc7 Rb6 38. Kc1 d4 39. Kd2 Nd5 40. Rc8+ Ke7 41. Be4 Ne3 42. a4 Rb4 43. Bc6 Nc4+ 44. Kc1 Nb6 45. Rc7+ Kd6 0-1

[Event "GCT Superbet Blitz Poland 2025"]
[Site "Warsaw"]
[Date "2025.04.29"]
[Round "8"]
[White "Aravindh, Chithambaram VR."]
[Black "Praggnanandhaa R"]
[Result "0-1"]
[ECO "A15"]
[WhiteElo "2749"]
[BlackElo "2758"]
[Annotator "ChessBase"]
[PlyCount "100"]
[EventDate "2025.??.??"]
[EventType "blitz"]
[TimeControl "300+2"]

1. Nf3 Nf6 2. b3 g6 3. Bb2 Bg7 4. g3 d6 5. Bg2 e5 6. d3 O-O 7. c4 Nc6 8. O-O h6 9. Nc3 Be6 10. d4 Bg4 ({RR} 10... exd4 11. Nxd4 Bd7 12. Nd5 Nxd5 13. cxd5 Nxd4 14. Bxd4 Re8 15. e3 a5 16. Rc1 Be5 17. Qd2 b6 18. Bxe5 Rxe5 19. Rc3 Rc8 20. Rfc1 Bf5 21. Qd4 h5 22. h4 Re7 23. Qf6 Qf8 24. Bf3 Bg4 25. Bxg4 {Bacrot,E (2720)-Al Modiahki,M (2549) Dubai 2014 1-0 (48)}) 11. dxe5 dxe5 12. Nd5 $146 ({RR} 12. h3 Be6 13. Nb5 Nd7 14. Nd2 a6 15. Nc3 Qc8 16. Kh2 Ne7 17. e3 f5 18. Qe2 g5 19. Rad1 Nf6 20. Na4 Nd7 21. b4 Rb8 22. Nc3 Qe8 23. Nb3 e4 24. Nd4 Bf7 25. Rd2 Ne5 26. Nd5 Nxd5 {Gomes,A (1416)-Silva,G (1790) Florianopolis BRA 2024 0-1 (37)}) ({RR} 12. h3 Be6 13. Nb5 Nd7 14. Nd2 a6 15. Nc3 Qc8 16. Kh2 Ne7 17. e3 f5 18. Qe2 g5 19. Rad1 Nf6 20. Na4 Nd7 21. b4 Rb8 22. Nc3 Qe8 23. Nb3 e4 24. Nd4 Bf7 25. Rd2 Ne5 26. Nd5 Nxd5 {Gomes,A (1416)-Silva,G (1790) Florianopolis BRA 2024 0-1 (37)}) ({RR} 12. h3 Be6 13. Qxd8 Rfxd8 14. Rfd1 a6 15. Ne1 Rab8 16. Nd3 Nd7 17. Na4 Bf8 18. Bxc6 bxc6 19. Nxe5 Nxe5 20. Bxe5 Rxd1+ 21. Rxd1 Re8 22. Bxc7 Bxh3 23. Rd8 Rxd8 24. Bxd8 Bf5 25. Ba5 Ba3 26. Bd2 h5 {Stoeckl,E-Watzka,H (2325) Austria 1993 ½-½ (37)}) 12... Re8 13. Re1 Be6 14. e4 Bg4 15. h3 Bxf3 16. Qxf3 Nd7 17. Rad1 a5 18. h4 Nd4 19. Bxd4 exd4 20. Nf4 Ne5 21. Qe2 a4 22. b4 a3 23. c5 c6 24. Qc2 h5 25. Nd3 Ng4 26. Bh3 b6 27. Bxg4 hxg4 28. cxb6 Qxb6 29. e5 Qb5 30. Rc1 Bxe5 31. Qxc6 Qxd3 32. Rxe5 Rxe5 33. Qxa8+ Kg7 34. Qc6 Qd2 35. b5 Rxb5 36. Rf1 Re5 37. Qd7 d3 38. Qd4 Qe2 39. Kh2 Kh7 40. Rb1 Qe4 41. Qd8 Re8 42. Qd7 Kg8 43. Rb7 Rf8 44. Rb3 Qe2 45. Qd4 Qxa2 46. Rxd3 Ra8 47. Rd1 Qb2 48. Qe4 Qxf2+ 49. Kh1 Qf3+ 50. Qxf3 gxf3 0-1